 Dungeon Crawl Stone Soup version 0.28.0-47-ge53b351184 (webtiles) character file.

Game seed: 901020661676961908

4706 Peloso the Carver (level 10, 0/84 (88) HPs)
             Began as a Minotaur Fighter on May 7, 2022.
             Was a Priest of Okawaru.
             Slain by a bullfrog (7 damage)
             ... on level 9 of the Dungeon.
             The game lasted 00:17:25 (9752 turns).

Peloso the Carver (Minotaur Fighter)                Turns: 9752, Time: 00:17:26

HP:   0/84 (88)     AC: 17    Str: 23    XL:     10   Next: 21%
MP:   9/9           EV:  9    Int:  5    God:    Okawaru [***...]
Gold: 451           SH:  5    Dex: 12    Spells: 9/9 levels left

rFire   . . .      SeeInvis .   a - +0 long sword
rCold   . . .      Faith    .   c - +0 buckler
rNeg    . . .      Spirit   .   s - +0 chain mail
rPois   .          Reflect  .   (helmet restricted)
rElec   .          Harm     .   k - +0 cloak
rCorr   +          Rampage  .   (no gloves)
Will    .....                   (no boots)
Stlth   ..........              (no amulet)
HPRegen 0.24/turn               f - ring of resist corrosion
MPRegen 0.11/turn               v - +4 ring of protection

@: lightly drained
A: horns 2, retaliatory headbutt
a: Renounce Religion, Heroism


You were on level 9 of the Dungeon.
You worshipped Okawaru.
Okawaru was most pleased with you.
You visited 2 branches of the dungeon, and saw 10 of its levels.

You collected 451 gold pieces.

Inventory:

Hand Weapons
 a - a +0 long sword (weapon)
Missiles
 u - 4 throwing nets (quivered)
Armour
 b - a +0 scale mail
 c - a +0 buckler (worn)
 k - a +0 cloak (worn)
 s - a +0 chain mail (worn)
Jewellery
 f - a ring of resist corrosion (left hand)
 g - an amulet of magic regeneration
 t - a +6 ring of intelligence
 v - a +4 ring of protection (right hand)
 y - a ring of willpower
 A - a ring of ice
Wands
 x - a wand of paralysis (8)
 I - a wand of flame (19)
 J - a wand of mindburst (13)
 K - a wand of polymorph (9)
 L - a wand of acid (10)
Scrolls
 h - a scroll of silence {unknown}
 i - 2 scrolls of blinking {unknown}
 j - 3 scrolls of fog {unknown}
 l - 3 scrolls of immolation {unknown}
 o - 3 scrolls of identify {unknown}
 r - a scroll of noise {unknown}
 w - 2 scrolls of summoning {unknown}
 D - 3 scrolls of enchant armour {unknown}
 H - 3 scrolls of teleportation {unknown}
Potions
 d - 3 potions of might
 e - 4 potions of ambrosia {unknown}
 m - 2 potions of brilliance {unknown}
 n - a potion of cancellation {unknown}
 p - 4 potions of curing
 q - 2 potions of heal wounds {unknown}
 z - 4 potions of flight {unknown}
 B - 2 potions of resistance {unknown}
 C - a potion of haste {unknown}
 E - a potion of magic {unknown}
 F - a potion of mutation {unknown}
 G - a potion of attraction {unknown}


   Skills:
 + Level 7.6 Fighting
 + Level 11.3 Long Blades
 + Level 10.7 Armour
 + Level 3.0 Dodging
 + Level 0.9 Stealth
 + Level 7.0 Shields
 + Level 0.2 Invocations
 + Level 0.8 Evocations


You had 9 spell levels left.
You didn't know any spells.
Your spell library contained the following spells:

 Spells                   Type           Power      Damage    Failure   Level
 Pain                     Necr           0%         1d4       98%         1
 Static Discharge         Conj/Air       0%         N/A       99%         2
 Vampiric Draining        Necr           0%         2d6       100%        3
 Lightning Bolt           Conj/Air       0%         1d11      100%        5
 Maxwell's Capacitive Co  Air            0%         ∞         100%        8
 Animate Skeleton         Necr           Unusable   N/A       N/A         1

Dungeon Overview and Level Annotations

Branches:
Dungeon (9/15)             Temple (1/1) D:6
   Lair: D:8-11         Orc: D:9-12

Altars:
Ashenzari
Cheibriados
Elyvilon
Fedhas
Gozag
Kikubaaqudgha
Makhleb
Nemelex Xobeh
Okawaru
Qazlal
Ru
Sif Muna
Trog
Vehumet
Wu Jian
Xom
Zin
The Shining One


Innate Abilities, Weirdness & Mutations

You have a pair of horns on your head.
You reflexively headbutt those who attack you in melee.


Message History

You hit the wight but do no damage.
The wight is moderately damaged.
A steam dragon comes into view.
The wight hits you with a +5 great sword of freezing!
The wight freezes you! The wight hits you but does no damage.
The steam dragon hisses angrily.
You hit the wight. You headbutt the wight!
The wight is severely damaged.
The wight hits you with a +5 great sword of freezing!
The wight freezes you. The wight hits you with a +1 battleaxe!
You feel drained.
You completely miss the wight.
The wight is severely damaged.
The bullfrog barely misses you. You furiously retaliate!
You headbutt the bullfrog.
The wight hits you with a +5 great sword of freezing!
* * * LOW HITPOINT WARNING * * *
You feel drained.
* * * LOW HITPOINT WARNING * * *
The wight freezes you.
* * * LOW HITPOINT WARNING * * *
The bullfrog hits you but does no damage.
Okay, then.
The wight hits you but does no damage. The wight closely misses you.
You furiously retaliate!
You headbutt the wight, but do no damage.
The bullfrog hits you but does no damage.
The steam dragon breathes steam at you. The ball of steam hits you.
* * * LOW HITPOINT WARNING * * *
Things that are here:
a +0 falchion; a +0 robe You are engulfed in a cloud of scalding steam.
Really walk into that cloud of steam? [Y]es or [N]o only, please.
Really walk into that cloud of steam?
Okay, then.
Okay, then.
The bullfrog hits you!
You die...

.###...##......................#.
.##8.<.8#####..................#.
.#.......# #..##.................
.....8.>.# ##..##...........##
##.......# #..<............#
##8.<.8#### #...)..........##
##...## .. #.............##
######. #. #..#..........# #
....#.###@##....#...### ##
..#.#..#zF#....##....# #.
.........D...###...## ##.
#.......z........ ...###.O
#.####(.)...##### #....
##..####.§...### ##..#
#...............## ##..##
#....#..........##..##...##
#.....#...........#.........


You could see a steam dragon, a bullfrog and 2 wights.

Vanquished Creatures
  2 two-headed ogres
  A hornet (D:8)
  Grinder (D:3)
  3 yaks (D:8)
  Eustachio (Temple)
  2 orc warriors (D:7)
  A sky beast (D:7)
  2 necrophages (D:6)
  A black bear (D:6)
  An ice beast (D:7)
  2 ogres
  A centaur (D:5)
  3 bullfrogs
  A wyvern zombie (D:7)
  4 scorpions
  5 killer bees
  A wight (D:9)
  5 centaur zombies
  3 hounds
  3 orc priests
  2 bullfrog skeletons (D:6)
  A jelly (D:8)
  Jessica (D:2)
  An iguana (D:5)
  5 orc wizards
  A killer bee zombie (D:8)
  2 hound skeletons (D:5)
  2 howler monkey zombies
  12 gnolls
  11 adders
  A shadow imp (D:5)
  A white imp (D:6)
  An adder skeleton (D:4)
  6 worms
  3 dart slugs
  26 orcs
  5 bats
  11 endoplasms
  4 giant cockroaches
  4 goblins
  9 hobgoblins
  3 jackals (D:2)
  11 kobolds
  7 quokkas
  6 ball pythons
  4 frilled lizards
  2 rats
185 creatures vanquished.

Vanquished Creatures (others)
  A fungus (D:6)
1 creature vanquished.

Grand Total: 186 creatures vanquished

Notes
Turn   | Place    | Note
-------+----------+-------------------------------------------
     0 | D:1      | Peloso the Minotaur Fighter began the quest for the Orb.
     0 | D:1      | Reached XP level 1. HP: 19/19 MP: 0/0
   313 | D:1      | Found a faded altar of an unknown god.
   356 | D:1      | Reached XP level 2. HP: 27/27 MP: 1/1
   635 | D:1      | Reached XP level 3. HP: 29/33 MP: 2/2
   978 | D:2      | Noticed Jessica
   995 | D:2      | Killed Jessica
   996 | D:2      | Reached skill level 3 in Long Blades
   996 | D:2      | Reached XP level 4. HP: 19/40 MP: 3/3
  1907 | D:3      | Reached skill level 5 in Armour
  1974 | D:3      | Reached XP level 5. HP: 42/47 MP: 4/4
  1983 | D:3      | Reached skill level 4 in Long Blades
  1983 | D:3      | Reached skill level 1 in Dodging
  2222 | D:3      | Found a blossoming altar of Fedhas.
  2284 | D:3      | Noticed Grinder
  2289 | D:3      | Paralysed by Grinder for 4 turns
  2297 | D:3      | Paralysed by Grinder for 4 turns
  2301 | D:3      | Killed Grinder
  2302 | D:3      | Reached skill level 5 in Long Blades
  2302 | D:3      | Reached XP level 6. HP: 19/55 MP: 5/5
  2639 | D:3      | Found a snail-covered altar of Cheibriados.
  3084 | D:5      | Entered Level 5 of the Dungeon
  3281 | D:5      | Reached skill level 5 in Fighting
  3517 | D:5      | Reached XP level 7. HP: 61/61 MP: 6/6
  3591 | D:5      | Reached skill level 6 in Long Blades
  4183 | D:4      | Found an opulent altar of Gozag.
  4358 | D:4      | Reached skill level 7 in Long Blades
  5111 | D:6      | Reached XP level 8. HP: 39/69 MP: 7/7
  5274 | D:6      | Found a staircase to the Ecumenical Temple.
  5297 | D:6      | Noticed Eustachio
  5302 | Temple   | Entered the Ecumenical Temple
  5346 | Temple   | Became a worshipper of Warmaster Okawaru
  5466 | Temple   | Killed Eustachio
  5467 | Temple   | Reached skill level 8 in Long Blades
  5562 | D:6      | Reached skill level 5 in Shields
  5592 | D:6      | Found a broken altar of Ashenzari.
  5632 | D:6      | Found a shimmering blue altar of Sif Muna.
  5636 | D:6      | Reached skill level 9 in Long Blades
  5918 | D:6      | Found a radiant altar of Vehumet.
  6207 | D:6      | Reached * piety under Okawaru
  6883 | D:7      | Reached skill level 10 in Long Blades
  6949 | D:7      | Reached XP level 9. HP: 68/78 MP: 8/8
  7671 | D:7      | Found a burning altar of Makhleb.
  7672 | D:7      | Found a glowing golden altar of the Shining One.
  7672 | D:7      | Found a bloodstained altar of Trog.
  8303 | D:8      | Paralysed by a hornet for 2 turns
  8565 | D:8      | Found a stormy altar of Qazlal.
  8730 | D:8      | Noticed a two-headed ogre
  8742 | D:8      | Killed a two-headed ogre
  8742 | D:8      | Reached ** piety under Okawaru
  8955 | D:8      | Reached skill level 10 in Armour
  9218 | D:8      | Reached skill level 11 in Long Blades
  9231 | D:8      | Reached XP level 10. HP: 38/86 MP: 9/9
  9530 | D:9      | Noticed a two-headed ogre
  9705 | D:9      | Killed a two-headed ogre
  9705 | D:9      | Reached *** piety under Okawaru
  9752 | D:9      | Slain by a bullfrog

Illustrated notes

Levels and vault maps discovered:
D:1:      amcnicky_arrival_double_pillar, layout_rooms,
          ebering_ecumenical_altar_webs
D:2:      layout_loops_ring, uniq_jessica
D:3:      layout_basic, slow_altar_1, fedhas_altar_1, grunt_ministairs_10,
          glass_columns_a, minmay_circle_x, uniq_grinder
D:4:      layout_loops_ring, mainiacjoe_overflow_surrounded_room
D:5:      layout_loops_ring, minmay_misc_feat_four_crosses
D:6:      layout_layer_cave, mainiacjoe_overflow_paths,
          nicolae_vehumet_radiance, mainiacjoe_overflow_chevrons,
          minmay_temple_entry_tees, uniq_eustachio
D:7:      layout_layer_cave, chequers_temple_overflow_statue_of_worship,
          kennysheep_generic_room_8
D:8:      layout_rooms, lemuel_coloured_pillars_altar, kennysheep_nub,
          patterned_corridor
D:9:      layout_cave_pools, grunt_ministairs_7, minmay_misc_feat_x
Temple:   chequers_temple_sunken

Skill      XL: |  1  2  3  4  5  6  7  8  9 10 |
---------------+-------------------------------+-----
Armour         | 4 5 6 7 10 | 10.7
Fighting       | 4 5 6 7 |  7.6
Long Blades    | 3 5 7 10 11 | 11.3
Dodging        | 1 2 3 |  3.0
Shields        | 4 5 6 7 |  7.0
Stealth        | |  0.9
Invocations    | |  0.2
Evocations     | |  0.8

Action                   |  1- 3 |  4- 6 |  7- 9 | 10-12 || total
-------------------------+-------+-------+-------+-------++-------
Melee: Long sword        |    71 |   144 |   333 |    31 ||   579
       Headbutt          |    10 |    33 |    73 |     6 ||   122
Invok: Heroism           |       |       |     2 |     1 ||     3
Evoke: Wand              |       |       |     5 |       ||     5
  Use: Potion            |     1 |       |     1 |       ||     2
       Scroll            |     1 |       |       |       ||     1
Armor: Scale mail        |    37 |    70 |       |       ||   107
       Chain mail        |       |       |   225 |    36 ||   261
Dodge: Dodged            |    40 |    59 |   151 |    38 ||   288
Block: Buckler           |    22 |    31 |    88 |    15 ||   156
